 Dungeon Crawl Stone Soup version 0.18-a0-1354-gbc5753f (webtiles) character file.

91 HamOfTruth the Skirmisher (level 4, -1/38 HPs)
             Began as a Draconian Skald on Feb 20, 2016.
             Slain by an adder (4 damage)
             ... on level 2 of the Dungeon.
             The game lasted 00:11:44 (1586 turns).

HamOfTruth the Skirmisher (Draconian Skald)         Turns: 1586, Time: 00:11:44

Health: -1/38      AC:  5    Str: 14    XL:     4   Next: 33%
Magic:  7/7        EV: 12    Int: 14    God:
Gold:   84         SH:  0    Dex: 10    Spells: 3 memorised, 2 levels left

rFire  + . .     SeeInvis .     a - +0 mace
rCold  + . .     Gourm    .     (armour unavailable)
rNeg   . . .     Faith    .     (no shield)
rPois  +         Spirit   .     (helmet restricted)
rElec  +         Dismiss  .     (no cloak)
rCorr  +         Reflect  .     (no gloves)
SustAt .         Harm     .     (no boots)
MR     .....                    p - amulet of regeneration
Stlth  +.........               (no ring)
                                (no ring)

@: lethally poisoned (-1 -> -2), resistant, not resistant to hostile
enchantments, very unstealthy
A: unfitting armour, cold-blooded, AC +5
a: no special abilities


You were on level 2 of the Dungeon.
You were very full.

You visited 1 branch of the dungeon, and saw 2 of its levels.

You collected 84 gold pieces.

Inventory:

Hand Weapons
 a - a +0 mace (weapon)
 b - a +0 hunting sling
 l - a cursed +0 hunting sling
 q - a +1 dagger of electrocution
Missiles
 e - 20 poisoned needles
 s - 55 stones (quivered)
Jewellery
 n - an uncursed amulet of magic regeneration
 p - an amulet of regeneration (around neck)
Wands
 c - a wand of polymorph (9/24)
Scrolls
 i - a scroll of immolation {unknown}
 j - a scroll of remove curse {unknown}
 o - a scroll of teleportation
Potions
 f - a potion of ambrosia
 g - a potion of degeneration {unknown}
 h - 2 potions of brilliance
Books
 r - a book of Battle

   Spells                             Type                      Level
   a - Infusion                       Charms                       1
   b - Shroud of Golubria             Charms/Translocation         2
   c - Song of Slaying                Charms                       2
   d - Spectral Weapon                Hexes/Charms                 3
   e - Regeneration                   Charms/Necromancy            3
Comestibles
 d - a meat ration
 m - 4 fruits


   Skills:
 + Level 3.1 Fighting
 + Level 2.5 Maces & Flails
 + Level 2.5 Dodging
 + Level 2.3 Spellcasting
 + Level 3.0 Charms


You had 2 spell levels left.
You knew the following spells:

 Your Spells              Type           Power        Failure   Level  Hunger
a - Infusion              Chrm           ##..         10%         1    #......
b - Song of Slaying       Chrm           ##......     12%         2    ###....
c - Shroud of Golubria    Chrm/Tloc      #.........   21%         2    ###....


Dungeon Overview and Level Annotations

Branches:
Dungeon (2/15)

Altars:
Dithmenos
Trog
Xom


Innate Abilities, Weirdness & Mutations

Your plain brown scales are hard (AC +5).
Your body does not fit into most forms of armour.
You are cold-blooded and may be slowed by cold attacks.


Message History

You tail-slap the adder, but do no damage.
The adder is moderately wounded.
The adder misses you. The adder bites you but does no damage.
You closely miss the adder.
The adder is moderately wounded.
You feel sick. The adder closely misses you.
You hit the adder.
The adder is heavily wounded.
You feel sick. The adder barely misses you. The adder bites you.
* * * LOW HITPOINT WARNING * * *
Drink which item? (? for menu, Esc to quit)
It was a potion of resistance.
You feel protected. The adder bites you.
* * * LOW HITPOINT WARNING * * *
You hit the adder.
You tail-slap the adder, but do no damage.
The adder is almost dead.
The adder bites you.
You die...

..........######..
### ######....#
#..
...########...##
#.. #.#....†.#...#
#..
#............##
#..
#.............#
##.
#..........##.# ##
#.....>....##... #
#....@..)........
#...S)†......#....
##........##......
#........# ##.
#...........
#...........#
.?...........
#.........$$$.


You could see an adder.

Vanquished Creatures
  Robin (D:2)
  An adder (D:2)
  An ooze (D:2)
  3 worms (D:2)
  A giant cockroach (D:2)
  19 goblins
  11 hobgoblins
  3 jackals (D:2)
  4 kobolds
  5 bats
  A giant newt (D:2)
  2 rats (D:1)
52 creatures vanquished.

Notes
Turn   | Place    | Note
--------------------------------------------------------------
     0 | D:1      | HamOfTruth the Draconian Skald began the quest for the Orb.
     0 | D:1      | Reached XP level 1. HP: 17/17 MP: 3/3
   211 | D:1      | Reached XP level 2. HP: 6/25 MP: 1/5
   530 | D:1      | Learned a level 2 spell: Song of Slaying
   912 | D:2      | Found a bloodstained altar of Trog.
   912 | D:2      | Found a shadowy altar of Dithmenos.
   981 | D:2      | Reached skill level 3 in Charms
  1144 | D:2      | Reached XP level 3. HP: 30/30 MP: 6/6
  1150 | D:2      | Learned a level 2 spell: Shroud of Golubria
  1338 | D:2      | Noticed Robin
  1357 | D:2      | Killed Robin
  1357 | D:2      | Reached XP level 4. HP: 32/37 MP: 2/7
  1513 | D:2      | Found a shimmering altar of Xom.
  1586 | D:2      | Slain by an adder

Vault maps used:
D:1:      ncdulo_lavacross, interstate_on_off
D:2:      kennysheep_goblin_castle, marbit_many_paths, nemelex_deck,
          bloody_trog, grunt_dithmenos_smoke, nicolae_gozag_seed_capital,
          first_bread, small_statue_intersection

Action                   |  1- 3 |  4- 6 || total
-------------------------+-------+-------++-------
Melee: Mace              |   111 |    53 ||   164
 Fire: Hunting sling     |     7 |       ||     7
 Cast: Infusion          |     4 |       ||     4
  Use: Scroll            |     2 |     1 ||     3
       Potion            |     3 |     1 ||     4
 Stab: Sleeping          |     1 |       ||     1
  Eat: Meat ration       |       |     1 ||     1
       Bread ration      |       |     1 ||     1
